 Dungeon Crawl Stone Soup version 0.26.1-2-gb8aa6d0cf2 (webtiles) character file.

Game seed: 9988231021770076657

5831 Gadfly the Basher (level 10, -11/98 HPs)
             Began as a Troll Berserker on Mar 5, 2021.
             Was a High Priest of Trog.
             Mangled by a two-headed ogre
             ... wielding a +0 giant spiked club
              (16 damage)
             ... on level 10 of the Dungeon.
             The game lasted 00:15:03 (7765 turns).

Gadfly the Basher (Troll Berserker)                 Turns: 7765, Time: 00:15:03

Health: -11/98     AC: 12    Str: 28    XL:     10   Next: 51%
Magic:  0/9        EV: 11    Int:  3    God:    Trog [*****.]
Gold:   514        SH:  0    Dex: 17    Spells: 9/9 levels left

rFire    . . .     SeeInvis .   b - +4 flail
rCold    . . .     Faith    .   (no shield)
rNeg     . . .     Spirit   +   y - +0 animal skin
rPois    .         Reflect  .   (helmet restricted)
rElec    .         Harm     .   j - +1 cloak
rCorr    .         Rampage  .   (gloves unavailable)
Will     .....                  (boots unavailable)
Stlth    ++........             i - amulet of guardian spirit
HPRegen  0.66/turn              q - +6 ring of dexterity
MPRegen  0.11/turn              f - +4 ring of protection

@: berserk cooldown, slowed, very slow
A: large, unfitting armour, claws 3, regeneration 1, shaggy fur 1, tough skin 3
a: Renounce Religion, Berserk, Trog's Hand, Brothers in Arms


You were on level 10 of the Dungeon.
You worshipped Trog.
Trog was extremely pleased with you.
You visited 2 branches of the dungeon, and saw 11 of its levels.

You collected 514 gold pieces.

Inventory:

Hand Weapons
 a - a +2 flail of holy wrath
 b - a +4 flail (weapon)
 t - a +2 dagger of venom
 C - a +0 dire flail
 D - a cursed +0 dire flail of protection
Armour
 j - a +1 cloak (worn)
 y - a +0 animal skin (worn)
Jewellery
 d - an uncursed ring of willpower
 f - a +4 ring of protection (right claw)
 i - an amulet of guardian spirit (around neck)
 l - an uncursed ring of protection from fire
 p - an uncursed ring of resist corrosion
 q - a +6 ring of dexterity (left claw)
 r - an uncursed ring of protection from cold
 A - an uncursed ring of ice
 B - an uncursed ring of stealth
Wands
 s - a wand of flame (15) (quivered)
 u - a wand of digging (5)
 v - a wand of enslavement (4)
 z - a wand of paralysis (8)
 E - a wand of acid (14)
Scrolls
 c - a scroll of enchant armour
 x - a scroll of teleportation
Potions
 e - 3 potions of curing
 g - a potion of mutation {unknown}
 h - 4 potions of might
 k - 2 potions of haste
 m - 3 potions of cancellation
 n - a potion of flight
 o - a potion of attraction
 w - a potion of brilliance {unknown}


   Skills:
 + Level 6.2 Fighting
 * Level 8.5 Maces & Flails
 + Level 6.6 Armour
 - Level 2.4 Dodging
 + Level 6.0 Evocations


You had 9 spell levels left.
You didn't know any spells.
Your spell library was empty.

Dungeon Overview and Level Annotations

Branches:
Dungeon (10/15)            Temple (1/1) D:6             Orc (0/2) D:9
   Lair: D:8-11

Altars:
Ashenzari
Cheibriados
Dithmenos
Elyvilon
Fedhas
Gozag
Hepliaklqana
Kikubaaqudgha
Makhleb
Nemelex Xobeh
Okawaru
Qazlal
Ru
Sif Muna
Trog
Uskayaw
Vehumet
Wu Jian
Xom
Yredelemnul
Zin
The Shining One


Innate Abilities, Weirdness & Mutations

You are too large for most types of armour.
You have claws for hands.
Your natural rate of healing is unusually fast.
You are covered in fur. (AC +1)
You have extremely tough skin. (AC +3)


Message History

The two-headed ogre closely misses you. The two-headed ogre closely misses you.
The two-headed ogre hits you but does no damage.
Okay, then.
Okay, then.
The two-headed ogre hits you with a +0 giant spiked club.
* * * LOW HITPOINT WARNING * * *
The two-headed ogre misses you.
The two-headed ogre hits you with a +0 giant spiked club!
* * * LOW HITPOINT WARNING * * *
The two-headed ogre barely misses you.
The two-headed ogre hits you with a +0 giant spiked club.
* * * LOW HITPOINT WARNING * * *
The two-headed ogre misses you.
You feel better.
The two-headed ogre hits you with a +0 giant spiked club!
* * * LOW HITPOINT WARNING * * *
The two-headed ogre barely misses you.
The two-headed ogre hits you with a +0 giant spiked club!
You die...

#...# ###.# +#....
...# ......########..#
.............#..#
....#..#####.#..######
.......)............^#
....##.)####<#..###.##
. #....####..#.>.
#..@O####..#.#.##
#...............#
###+#.###..#.#..#
#........#.# #
##.#####.# # .. #.#
##. #.# #. #.# #. #.#


You could see a two-headed ogre.

Vanquished Creatures
  A two-headed ogre (D:8)
  The ghost of growler the Zephyrmancer, a novice TeAE of Gozag (D:7)
  A troll (D:9)
  4 yaks (D:10)
  Edmund (D:4)
  A water moccasin (D:8)
  3 orc warriors
  3 ice beasts
  4 sky beasts
  A black bear (D:8)
  3 phantoms (D:6)
  An ogre (D:5)
  4 centaurs
  2 big kobolds
  5 bullfrogs
  3 scorpions
  9 wights
  2 howler monkeys (D:5)
  3 bullfrog zombies
  3 hounds
  3 bullfrog skeletons
  A gnoll shaman (D:6)
  5 orc priests
  A centaur skeleton (D:9)
  2 iguanas (D:4)
  3 orc wizards
  6 worker ants
  A hound zombie (D:7)
  2 hound skeletons (D:9)
  9 gnolls
  6 adders
  A shadow imp (D:7)
  A white imp (D:5)
  2 oozes
  3 adder zombies
  A worm (D:3)
  2 adder skeletons
  4 dart slugs
  6 leopard geckos
  17 orcs
  2 ball pythons
  10 bats
  9 giant cockroaches
  8 goblins
  7 hobgoblins
  7 jackals
  17 kobolds
  2 quokkas
  6 frilled lizards
  3 leopard gecko skeletons
  A leopard gecko zombie (D:5)
  7 rats
210 creatures vanquished.

Notes
Turn   | Place    | Note
-------+----------+-------------------------------------------
     0 | D:1      | Gadfly the Troll Berserker began the quest for the Orb.
     0 | D:1      | Reached XP level 1. HP: 22/22 MP: 0/0
   276 | D:1      | Reached XP level 2. HP: 29/29 MP: 1/1
   439 | D:1      | Reached skill level 1 in Armour
   646 | D:2      | Reached skill level 1 in Evocations
   646 | D:2      | Reached XP level 3. HP: 18/36 MP: 2/2
   758 | D:2      | Reached skill level 3 in Maces & Flails
   988 | D:2      | Reached ** piety under Trog
  1255 | D:2      | Found a glowing golden altar of the Shining One.
  1660 | D:3      | Reached XP level 4. HP: 44/44 MP: 3/3
  2385 | D:4      | Reached XP level 5. HP: 41/52 MP: 4/4
  2706 | D:4      | Reached *** piety under Trog
  2789 | D:4      | Noticed Edmund
  2801 | D:4      | Killed Edmund
  2802 | D:4      | Reached XP level 6. HP: 61/61 MP: 3/5
  3169 | D:5      | Entered Level 5 of the Dungeon
  3169 | D:5      | Found an opulent altar of Gozag.
  3276 | D:5      | Reached XP level 7. HP: 12/67 MP: 2/6
  3455 | D:5      | Reached skill level 4 in Maces & Flails
  3818 | D:6      | Reached XP level 8. HP: 78/78 MP: 5/7
  3826 | D:6      | Reached **** piety under Trog
  4175 | D:6      | Reached skill level 5 in Maces & Flails
  4250 | D:6      | Found a staircase to the Ecumenical Temple.
  4262 | D:6      | Reached skill level 5 in Armour
  4277 | Temple   | Entered the Ecumenical Temple
  4399 | D:6      | Found a bloodstained altar of Trog.
  4555 | D:6      | Found an opulent altar of Gozag.
  4819 | D:6      | Found a shadowy altar of Dithmenos.
  4822 | D:6      | Found a blossoming altar of Fedhas.
  4825 | D:6      | Found a radiant altar of Vehumet.
  4828 | D:6      | Found a hazy altar of Hepliaklqana.
  4987 | D:7      | Reached XP level 9. HP: 80/85 MP: 6/8
  5160 | D:7      | Found an iron altar of Okawaru.
  5225 | D:7      | Found a runed translucent gate.
  5226 | D:7      | Found a runed translucent gate.
  5229 | D:7      | Found a runed translucent gate.
  5229 | D:7      | Noticed growler's ghost (novice TeAE)
  5519 | D:7      | Killed growler's ghost
  5520 | D:7      | Reached skill level 5 in Fighting
  5520 | D:7      | Reached skill level 6 in Maces & Flails
  5520 | D:7      | Reached skill level 5 in Evocations
  5715 | D:8      | Reached ***** piety under Trog
  5823 | D:8      | Found an iron altar of Okawaru.
  6051 | D:8      | Reached skill level 7 in Maces & Flails
  6141 | D:8      | Found a white marble altar of Elyvilon.
  6227 | D:8      | Noticed a two-headed ogre
  6236 | D:8      | Killed a two-headed ogre
  6237 | D:8      | Reached XP level 10. HP: 40/98 MP: 2/9
  7042 | D:9      | Found a staircase to the Orcish Mines.
  7236 | D:9      | Reached skill level 8 in Maces & Flails
  7596 | D:10     | Entered Level 10 of the Dungeon
  7732 | D:10     | Noticed a two-headed ogre
  7762 | D:10     | HP: 4/98 [two-headed ogre/+0 giant spiked club (5)]
  7765 | D:10     | Mangled by a two-headed ogre

Illustrated notes

Levels and vault maps discovered:
D:1:      ncdulo_watergridlock, layout_basic, serial_corexii_hall,
          corexii_hall_statues_t, chequers_hall_statues_corner_a,
          chequers_hall_statues_y, chequers_hall_statues_y
D:2:      layout_basic, nicolae_overflow_crystal_walls, minmay_misc_feat_alley
D:3:      layout_basic, st_stairs_10
D:4:      layout_basic, uniq_edmund
D:5:      layout_cave_pools, overflow_temple_1_default
D:6:      layout_cave_pods, grunt_temple_overflow_cloverleaf,
          minmay_temple_entry_stoned_glass, basic_altar,
          nicolae_gozag_cash_rules_everything_around_me
D:7:      layout_cave_pools, ebering_ghost_rock_garden, grunt_decor_fettered,
          kennysheep_okawaru_gauntlet
D:8:      layout_basic, lemuel_doored_altar, basic_altar
D:9:      layout_stronghold, orc_0_dummy
D:10:     layout_basic, david_lair_generic, hangedman_decor_points, uniq_harold
Temple:   regret_index_temple_waves

Skill      XL: |  1  2  3  4  5  6  7  8  9 10 |
---------------+-------------------------------+-----
Armour         | 1 2 3 4 5 6 |  6.6
Evocations     | 1 2 3 4 5 6 |  6.0
Maces & Flails | 3 4 5 7 8 |  8.5
Fighting       | 3 4 5 6 |  6.2
Dodging        | |  2.4

Action                   |  1- 3 |  4- 6 |  7- 9 | 10-12 || total
-------------------------+-------+-------+-------+-------++-------
Melee: Mace              |   145 |       |       |       ||   145
       Flail             |     7 |   156 |   304 |   154 ||   621
Invok: Berserk           |     1 |     4 |     6 |     2 ||    13
Evoke: Wand              |       |       |     2 |       ||     2
  Use: Scroll            |     8 |     6 |     1 |     2 ||    17
       Potion            |       |     3 |     1 |     2 ||     6
 Stab: Sleeping          |     1 |     2 |     3 |     2 ||     8
Armor: Animal skin       |    81 |    86 |   177 |    73 ||   417
Dodge: Dodged            |   114 |    86 |   229 |    93 ||   522
